 Dungeon Crawl Stone Soup version 0.29.1-2-gbd0b4ee654 (webtiles) character file.

Game seed: 15409537292629393943

359 Avanven the Magician (level 6, -1/42 HPs)
             Began as a Djinni Transmuter on Nov 16, 2022.
             Slain by an iguana (13 damage)
             ... on level 4 of the Dungeon.
             The game lasted 00:06:32 (3488 turns).

Avanven the Magician (Djinni Transmuter)            Turns: 3488, Time: 00:06:32

Health: -1/42      AC:  2    Str:  9    XL:     6   Next: 97%
Gold:   105        EV: 12    Int: 17    God:
                   SH:  0    Dex: 13

rFire   + + +      SeeInvis .     - Unarmed
rCold   x . .      Faith    .   (no shield)
rNeg    . . .      Spirit   .   a - +0 robe
rPois   ∞          Reflect  .   (helmet currently unavailable)
rElec   .          Harm     .   (no cloak)
rCorr   .          Rampage  .   (no gloves)
Will    .....                   (boots unavailable)
Stlth   +.........              (no amulet)
HPRegen 0.14/turn               c - ring of protection from fire
MPRegen 0.00/turn               (no ring)

@: appendages, wereblooded, flying
A: horns 2, flying, sickness immunity, fire resistance 2, cold vulnerability 1,
float, innate caster, HP casting, extra vitality 1
a: End Transformation


You were on level 4 of the Dungeon.
You had temporarily grown beastly horns.
You visited 1 branch of the dungeon, and saw 4 of its levels.

You collected 105 gold pieces.

Inventory:

Armour
 a - a +0 robe (worn)
 l - a +0 helmet (melded)
 m - a scarf of shadows
 p - a +0 buckler
 t - a +4 chain mail
Jewellery
 c - a ring of protection from fire (left hand)
Wands
 s - a wand of polymorph (10)
Scrolls
 e - a scroll of magic mapping
 k - a scroll of blinking
 n - a scroll of enchant weapon
 o - a scroll of identify
Potions
 b - 2 potions of lignification
 g - 5 potions of heal wounds
 h - 2 potions of attraction {unknown}
 i - 2 potions of haste
 r - a potion of flight {unknown}
 u - a potion of invisibility {unknown}


   Skills:
 - Level 1.0 Fighting
 - Level 2.1 Dodging
 + Level 4.4 Unarmed Combat
 * Level 4.5 Spellcasting


You had one spell level left.
You knew the following spells:

 Your Spells              Type           Power      Damage    Failure   Level
a - Beastly Appendage     Tmut           38%        N/A       2%          1
b - Wereblood             Tmut           19%        N/A       3%          2
c - Spider Form           Tmut/Pois      19%        N/A       7%          3
d - Ice Form              Ice/Tmut       19%        N/A       22%         4
e - Freeze                Ice            76%        1d9       2%          1
f - Scorch                Fire           38%        2d7       3%          2
Your spell library was empty.

Dungeon Overview and Level Annotations

Branches:
Dungeon (4/15)
 Temple: D:4-7

Altars:
Elyvilon

Shops:
D:1 *

Annotations:
D:4 1 runed translucent door, Crazy Yiuf


Innate Abilities, Weirdness & Mutations

You have temporarily grown beastly horns.
You are flying.
You are immune to sickness and miasma.
You are immune to poison.
Your flesh is very heat resistant. (rF++)
You are vulnerable to cold. (rC-)
You float through the air rather than walking.
You learn spells naturally, not from books.
Your magical power is your life essence.
You have superior vitality. (+4 MHP)


Message History

The iguana is lightly wounded.
You hit the iguana but do no damage.
The iguana is lightly wounded.
The iguana bites you!
You hit the iguana. Your headbutt misses the iguana.
The iguana is lightly wounded.
The iguana barely misses you.
You barely miss the iguana. You punch the iguana, but do no damage.
The iguana is lightly wounded.
The iguana misses you.
You closely miss the iguana.
You headbutt the iguana, but do no damage.
The iguana is lightly wounded.
The iguana bites you.
Casting: Wereblood (safe; 3% risk of failure)
Confirm with . or Enter, or press ? or * to list all spells.
Flames lash the iguana.
The iguana is heavily wounded.
The iguana's fire resistance burns away.
A phantom comes into view.
The iguana closely misses you.
Casting: Scorch (safe; 3% risk of failure)
Confirm with . or Enter, or press ? or * to list all spells.
Aiming: Freeze (safe; 2% risk of failure)
Press: ? - help, Shift-Dir - straight line, f - iguana
Aim: an iguana (heavily wounded, more vulnerable to fire)
You freeze the iguana.
The iguana is heavily wounded.
The iguana bites you!
Casting: Freeze (safe; 2% risk of failure)
Confirm with . or Enter, or press ? or * to list all spells.
Aiming: Freeze (safe; 2% risk of failure)
Press: ? - help, Shift-Dir - straight line, f/p - iguana
Aim: an iguana (heavily wounded, more vulnerable to fire)
You freeze the iguana.
The iguana is almost dead.
The iguana seems to slow down.
* * * LOW HITPOINT WARNING * * *
The iguana bites you!
You die...

#.#
#.>..............#
#.#
#..........).....#
#.#
#................#
#<#
####....###......#
#.# ##..##
#...(### #.###
♣P.P.♣ #....#
#...# ♣♣PP.♣
#....# ##### ♣♣.♣♣
#....# ♣♣.♣ #@...#
♣.♣♣ #l...# ♣♣.♣
#....# ♣.♣♣ #....#
#+# #....# ...
#...W# #...#
#....# #)..#
#....# #####


You could see a phantom and an iguana (slow, combustible).

Vanquished Creatures
  Sigmund (D:3)
  Jessica (D:3)
  Terence (D:3)
  Natasha (thrice) (D:3)
  3 adders
  A dart slug (D:2)
  An orc (D:3)
  6 bats
  6 endoplasms
  3 giant cockroaches
  4 goblins
  5 hobgoblins
  3 quokkas
  2 ball pythons (D:3)
  A frilled lizard (D:1)
  A kobold (D:2)
  5 rats
47 creatures vanquished.

Notes
Turn   | Place    | Note
-------+----------+-------------------------------------------
     0 | D:1      | Avanven the Djinni Transmuter began the quest for the Orb.
     0 | D:1      | Avanven set off with the following spells memorised:
                  | Beastly Appendage, Wereblood, Spider Form, Ice Form.
     0 | D:1      | Reached XP level 1. HP: 17/17 MP: 0/0
   365 | D:1      | Reached XP level 2. HP: 14/22 MP: 0/0
   902 | D:1      | Found Rexkimm's Assorted Antiques.
  1235 | D:1      | Found a faded altar of an unknown god.
  1486 | D:2      | Reached XP level 3. HP: 25/27 MP: 0/0
  1486 | D:2      | Learned a level 1 spell: Freeze
  2020 | D:2      | Reached XP level 4. HP: 24/32 MP: 0/0
  2425 | D:3      | Noticed Natasha
  2433 | D:3      | Killed Natasha
  2473 | D:3      | Noticed Sigmund
  2492 | D:3      | Killed Sigmund
  2493 | D:3      | Reached XP level 5. HP: 28/37 MP: 0/0
  2493 | D:3      | Learned a level 2 spell: Scorch
  2493 | D:3      | Reached XP level 6. HP: 31/42 MP: 0/0
  2617 | D:3      | Found a large runed translucent door.
  2618 | D:3      | Found a large runed translucent door.
  2669 | D:3      | Noticed Natasha
  2682 | D:3      | Killed Natasha
  2748 | D:3      | Noticed Jessica
  2757 | D:3      | Killed Jessica
  2876 | D:3      | Noticed Natasha
  2890 | D:3      | Killed Natasha
  3073 | D:3      | Noticed Terence
  3086 | D:3      | Killed Terence
  3344 | D:3      | Found a white marble altar of Elyvilon.
  3457 | D:4      | Found a runed translucent door.
  3458 | D:4      | Noticed Crazy Yiuf
  3488 | D:4      | Slain by an iguana

Illustrated notes

Levels and vault maps discovered:
D:1:      dpeg_arrival_boxes_within_box, layout_basic, serial_shops,
          nicolae_shop_overgrown_old_shop, ebering_ecumenical_altar_box
D:2:      layout_rooms, serial_bayou_lagoon_a
D:3:      layout_basic, jmf_multi_god_temple2, uniq_terence, uniq_jessica,
          uniq_natasha, uniq_sigmund
D:4:      layout_basic, minmay_manual_monstrance, uniq_crazy_yiuf_cottage,
          uniq_grinder

Skill      XL: |  1  2  3  4 |
---------------+-------------+-----
Spellcasting   | 2 4 |  4.5
Unarmed Combat | 4 |  4.4
Fighting       | |  1.0
Dodging        | |  2.1

Action                   |  1- 3 |  4- 6 || total
-------------------------+-------+-------++-------
Melee: Unarmed           |    70 |    68 ||   138
       Headbutt          |    12 |     5 ||    17
       Punch             |     1 |     1 ||     2
 Cast: Beastly Appendage |    18 |     6 ||    24
       Wereblood         |    11 |     7 ||    18
       Freeze            |     7 |     2 ||     9
       Spider Form       |       |     9 ||     9
       Scorch            |       |     2 ||     2
  Use: Scroll            |       |     8 ||     8
Armor: Robe              |    13 |     3 ||    16
       Skin              |       |     2 ||     2
Dodge: Dodged            |    47 |    47 ||    94
